3AAA
RAPPAHANNOCK PARTISANS @ AUGUSTA TIMBER HAWKS
06/21/2018
 
TOP OF THE 1ST
Rappahannock Partisans batting - Pitching for Augusta Timber Hawks : RHP Ricardo Martínez
Pitching: RHP Ricardo Martínez
Batting: RHB Bill Taylor 0-0: SINGLE (Groundball, 25) (infield hit)
Batting: LHB Alfonso López 0-0: Ball
1-0: Foul Ball, location: 2F
1-1: Ball
2-1: Ball
3-1: Ground out U3 (Groundball, 3S)
Bill Taylor to second
Batting: RHB Eduardo Manuel 0-0: Ball
1-0: SINGLE (Line Drive, 8LS)
Bill Taylor to third
Runner from 3rd tries for Home, SAFE, no throw or cutoff
Batting: RHB José Mata 0-0: Ball
1-0: Fielders Choice at 2nd, 1-4 (Groundball, 13S)
Batting: RHB Matt Sheppard 0-0: Called Strike
0-1: Ball
1-1: Ball
2-1: Foul Ball, location: 2F
2-2: Ball
3-2: DOUBLE (Flyball, 9LD)
José Mata to third
José Mata scores
Batting: RHB Colby Turner 0-0: Called Strike
0-1: Ball
1-1: Swinging Strike
1-2: Ball
2-2: SINGLE (Line Drive, 4MD)
Matt Sheppard to third
Runner from 3rd tries for Home, SAFE, no throw or cutoff
Batting: LHB Marvin von Seydlitz 0-0: Ball
1-0: Ball
2-0: Swinging Strike
2-1: Called Strike
2-2: Ground out 4-3 (Groundball, 4)
Top of the 1st over - 3 run(s), 4 hit(s), 0 error(s), 1 left on base; Rappahannock 3 - Augusta 0
BOTTOM OF THE 1ST
Augusta Timber Hawks batting - Pitching for Rappahannock Partisans : RHP Aubrey Ferguson
Pitching: RHP Aubrey Ferguson
Batting: RHB Billy Strauss 0-0: Ball
1-0: Fly out, F7 (Flyball, 78XD)
Batting: SHB Lawrence Franklin 0-0: Ball
1-0: Called Strike
1-1: Foul Ball, location: 2F
1-2: Ball
2-2: Foul Ball, location: 2F
2-2: Ball
3-2: SOLO HOME RUN (Flyball, 9D), Distance : 385 ft
Batting: RHB Bob Dickerson 0-0: Ball
1-0: Foul Ball, location: 2F
1-1: Ball
2-1: DOUBLE (Flyball, 7LD)
Batting: RHB Eddy Baxter 0-0: Foul Ball, location: 2F
0-1: Ball
1-1: Foul Ball, location: 2F
1-2: Ball
2-2: Fly out, F8 (Flyball, 8RM)
Batting: RHB Rob Young 0-0: Ball
1-0: Ball
2-0: Ball
3-0: Base on Balls
Batting: RHB Dave Bush 0-0: SINGLE (Line Drive, 34)
Bob Dickerson to third
Rob Young to second
Runner from 3rd tries for Home, SAFE, no throw or cutoff
Batting: SHB José Salazar 0-0: Foul Ball, location: 2F
0-1: Swinging Strike
0-2: Ball
1-2: Foul Ball, location: 2F
1-2: Ball
2-2: Ball
3-2: Foul Ball, location: 2F
3-2: Base on Balls
Rob Young to third
Dave Bush to second
Batting: RHB Juan Banda 0-0: Ball
1-0: Called Strike
1-1: Swinging Strike
1-2: Fly out, F6 (Popup, 56D)
Bottom of the 1st over - 2 run(s), 3 hit(s), 0 error(s), 3 left on base; Rappahannock 3 - Augusta 2
TOP OF THE 2ND
Rappahannock Partisans batting - Pitching for Augusta Timber Hawks : RHP Ricardo Martínez
Batting: LHB Miguel Mendoza 0-0: Called Strike
0-1: Ball
1-1: Foul Ball, location: 2F
1-2: Foul Ball, location: 2F
1-2: Fly out, F8 (Flyball, 8RD)
Batting: RHB Ángel Ruezga 0-0: Foul Ball, location: 2F
0-1: Ball
1-1: SINGLE (Groundball, 56D)
Batting: RHB Bill Taylor 0-0: Foul Ball, location: 2F
0-1: Ball
1-1: Ball
2-1: Foul Ball, location: 2F
2-2: SINGLE (Groundball, 56)
Ángel Ruezga to second
Batting: LHB Alfonso López 0-0: Ball
1-0: Ball
2-0: Fly out, F4 (Popup, 4MD)
Batting: RHB Eduardo Manuel 0-0: Foul Ball, location: 2F
0-1: Ball
1-1: Fly out, F9 (Flyball, 89M)
Top of the 2nd over - 0 run(s), 2 hit(s), 0 error(s), 2 left on base; Rappahannock 3 - Augusta 2
BOTTOM OF THE 2ND
Augusta Timber Hawks batting - Pitching for Rappahannock Partisans : RHP Aubrey Ferguson
Batting: LHB Jerry Burnett 0-0: Ball
1-0: Ball
2-0: Ground out 4-3 (Groundball, 4)
Batting: RHB Billy Strauss 0-0: Bunt for hit - play at first, batter OUT! 1-3
Batting: SHB Lawrence Franklin 0-0: Called Strike
0-1: Swinging Strike
0-2: Ball
1-2: Ground out U3 (Groundball, 3S)
Bottom of the 2nd over - 0 run(s), 0 hit(s), 0 error(s), 0 left on base; Rappahannock 3 - Augusta 2
TOP OF THE 3RD
Rappahannock Partisans batting - Pitching for Augusta Timber Hawks : RHP Ricardo Martínez
Batting: RHB José Mata 0-0: Ball
1-0: Called Strike
1-1: Fly out, F9 (Flyball, 9S)
Batting: RHB Matt Sheppard 0-0: Swinging Strike
0-1: Swinging Strike
0-2: Ball
1-2: Fly out, F7 (Flyball, 78M)
Batting: RHB Colby Turner 0-0: Ball
1-0: Ground out 3-1 (Groundball, 34)
Top of the 3rd over - 0 run(s), 0 hit(s), 0 error(s), 0 left on base; Rappahannock 3 - Augusta 2
BOTTOM OF THE 3RD
Augusta Timber Hawks batting - Pitching for Rappahannock Partisans : RHP Aubrey Ferguson
Batting: RHB Bob Dickerson 0-0: Foul Ball, location: 2F
0-1: Fly out, F8 (Flyball, 78D)
Batting: RHB Eddy Baxter 0-0: Called Strike
0-1: Ball
1-1: Ball
2-1: Ground out 6-3 (Groundball, 6)
Batting: RHB Rob Young 0-0: Ball
1-0: Called Strike
1-1: Fly out, F7 (Line Drive, 78S)
Bottom of the 3rd over - 0 run(s), 0 hit(s), 0 error(s), 0 left on base; Rappahannock 3 - Augusta 2
TOP OF THE 4TH
Rappahannock Partisans batting - Pitching for Augusta Timber Hawks : RHP Ricardo Martínez
Batting: LHB Marvin von Seydlitz 0-0: Called Strike
0-1: Foul Ball, location: 2F
0-2: SINGLE (Line Drive, 7LS)
Batting: LHB Miguel Mendoza 0-0: Ball
1-0: Ball
2-0: Called Strike
2-1: Swinging Strike
2-2: Strikes out swinging
Batting: RHB Ángel Ruezga 0-0: Called Strike
0-1: Foul Ball, location: 2F
0-2: Ball
1-2: Foul Ball, location: 2F
1-2: Ball
2-2: Grounds into double play, 4-6-3 (Groundball, 4)
Top of the 4th over - 0 run(s), 1 hit(s), 0 error(s), 0 left on base; Rappahannock 3 - Augusta 2
BOTTOM OF THE 4TH
Augusta Timber Hawks batting - Pitching for Rappahannock Partisans : RHP Aubrey Ferguson
Batting: RHB Dave Bush 0-0: Ball
1-0: Foul Ball, location: 2F
1-1: Ball
2-1: Swinging Strike
2-2: Ground out 1-3 (Groundball, 15S)
Batting: SHB José Salazar 0-0: Fly out, F8 (Flyball, 78M)
Batting: RHB Juan Banda 0-0: Ground out 6-3 (Groundball, 6)
Bottom of the 4th over - 0 run(s), 0 hit(s), 0 error(s), 0 left on base; Rappahannock 3 - Augusta 2
TOP OF THE 5TH
Rappahannock Partisans batting - Pitching for Augusta Timber Hawks : RHP Ricardo Martínez
Batting: RHB Bill Taylor 0-0: SINGLE (Groundball, 56D)
Pitching: RHP Jorge Guerrero
Batting: LHB Alfonso López 0-0: Ball
1-0: Ball
2-0: Ball
3-0: Base on Balls
Bill Taylor to second
Batting: RHB Eduardo Manuel 0-0: Called Strike
0-1: Ball
1-1: Fly out, F3 (Popup, 34)
Batting: RHB José Mata 0-0: Ball
1-0: Ball
2-0: Ball
3-0: Called Strike
3-1: Called Strike
3-2: Base on Balls
Bill Taylor to third
Alfonso López to second
Batting: RHB Matt Sheppard 0-0: Ball
1-0: Ball
2-0: Ball
3-0: Called Strike
3-1: Foul Ball, location: 2F
3-2: Fly out, F6 (Popup, 5DF)
Batting: RHB Colby Turner 0-0: GRAND SLAM HOME RUN (Flyball, 8LXD), Distance : 446 ft
Pitching: RHP Dave Baker
Batting: LHB Marvin von Seydlitz 0-0: Foul Ball, location: 2F
0-1: Ball
1-1: Ball
2-1: Ball
3-1: Swinging Strike
3-2: Ground out 1-3 (Groundball, 13)
Top of the 5th over - 4 run(s), 2 hit(s), 0 error(s), 0 left on base; Rappahannock 7 - Augusta 2
BOTTOM OF THE 5TH
Augusta Timber Hawks batting - Pitching for Rappahannock Partisans : RHP Aubrey Ferguson
Batting: LHB Jerry Burnett 0-0: Ball
1-0: Called Strike
1-1: Swinging Strike
1-2: Strikes out swinging
Batting: RHB Billy Strauss 0-0: Called Strike
0-1: Fly out, F2 (Popup, 2LF)
Batting: SHB Lawrence Franklin 0-0: Called Strike
0-1: SINGLE (Line Drive, 4MD)
Pitching: RHP Gilberto Ibarra
Batting: RHB Bob Dickerson 0-0: Ball
Lawrence Franklin steals 2nd base
1-0: Called Strike
1-1: Foul Ball, location: 2F
1-2: Foul Ball, location: 2F
1-2: Strikes out swinging
Bottom of the 5th over - 0 run(s), 1 hit(s), 0 error(s), 1 left on base; Rappahannock 7 - Augusta 2
TOP OF THE 6TH
Rappahannock Partisans batting - Pitching for Augusta Timber Hawks : RHP Dave Baker
Batting: LHB Miguel Mendoza 0-0: Called Strike
0-1: Ball
1-1: Swinging Strike
1-2: Ball
2-2: Strikes out swinging
Batting: RHB Ángel Ruezga 0-0: Swinging Strike
0-1: Reached on error, E5 (Groundball, 5)
Batting: RHB Bill Taylor 0-0: Ball
1-0: Foul Ball, location: 2F
1-1: Called Strike
1-2: Fly out, F8 (Flyball, 78M)
Batting: LHB Alfonso López 0-0: Called Strike
0-1: Ball
1-1: Ball
2-1: Foul Ball, location: 2F
2-2: Ball
3-2: Base on Balls
Ángel Ruezga to second
Batting: RHB Eduardo Manuel 0-0: SINGLE (Flyball, 7S)
Ángel Ruezga to third
Alfonso López to second
Runner from 3rd tries for Home, throw and OUT!
Top of the 6th over - 0 run(s), 1 hit(s), 1 error(s), 2 left on base; Rappahannock 7 - Augusta 2
BOTTOM OF THE 6TH
Augusta Timber Hawks batting - Pitching for Rappahannock Partisans : RHP Gilberto Ibarra
Batting: RHB Eddy Baxter 0-0: Foul Ball, location: 2F
0-1: Ball
1-1: Foul Ball, location: 2F
1-2: Fly out, F8 (Flyball, 8LD)
Batting: RHB Rob Young 0-0: Called Strike
0-1: Ball
1-1: SOLO HOME RUN (Flyball, 78XD), Distance : 448 ft
Batting: RHB Dave Bush 0-0: Swinging Strike
0-1: Ground out 6-3 (Groundball, 6)
Batting: SHB José Salazar 0-0: Foul Ball, location: 2F
0-1: Ball
1-1: Ball
2-1: Foul Ball, location: 2F
2-2: Ground out 4-3 (Groundball, 4)
Bottom of the 6th over - 1 run(s), 1 hit(s), 0 error(s), 0 left on base; Rappahannock 7 - Augusta 3
TOP OF THE 7TH
Rappahannock Partisans batting - Pitching for Augusta Timber Hawks : RHP Dave Baker
Batting: RHB José Mata 0-0: Ball
1-0: Called Strike
1-1: Called Strike
1-2: Strikes out swinging
Batting: RHB Matt Sheppard 0-0: SOLO HOME RUN (Flyball, 78XD), Distance : 451 ft
Batting: RHB Colby Turner 0-0: Ball
1-0: Swinging Strike
1-1: Ball
2-1: Foul Ball, location: 2F
2-2: Strikes out swinging
Batting: LHB Marvin von Seydlitz 0-0: Foul Ball, location: 2F
0-1: Called Strike
0-2: Ball
1-2: Strikes out swinging
Top of the 7th over - 1 run(s), 1 hit(s), 0 error(s), 0 left on base; Rappahannock 8 - Augusta 3
BOTTOM OF THE 7TH
Augusta Timber Hawks batting - Pitching for Rappahannock Partisans : RHP Gilberto Ibarra
Now at 1B: Cipriano Oliveira
Batting: RHB Juan Banda 0-0: Called Strike
0-1: Ball
1-1: Fly out, F3 (Popup, 3F)
Batting: LHB Jerry Burnett 0-0: SINGLE (Flyball, 78S)
Batting: RHB Billy Strauss 0-0: Swinging Strike
0-1: Called Strike
0-2: Ball
1-2: Strikes out looking
Batting: SHB Lawrence Franklin 0-0: Called Strike
0-1: Called Strike
Jerry Burnett is caught stealing 2nd base
Bottom of the 7th over - 0 run(s), 1 hit(s), 0 error(s), 0 left on base; Rappahannock 8 - Augusta 3
TOP OF THE 8TH
Rappahannock Partisans batting - Pitching for Augusta Timber Hawks : RHP Dave Baker
Pitching: LHP Homer Shafer
Batting: RHB Cipriano Oliveira 0-0: Ball
1-0: Swinging Strike
1-1: Swinging Strike
1-2: Strikes out looking
Batting: RHB Ángel Ruezga 0-0: Ball
1-0: Ball
2-0: Ball
3-0: Called Strike
3-1: Fly out, F9 (Flyball, 89M)
Batting: RHB Bill Taylor 0-0: Ball
1-0: Ball
2-0: Foul Ball, location: 2F
2-1: Called Strike
2-2: SINGLE (Line Drive, 4D)
Batting: LHB Alfonso López 0-0: Called Strike
0-1: Fly out, F7 (Popup, 6D)
Top of the 8th over - 0 run(s), 1 hit(s), 0 error(s), 1 left on base; Rappahannock 8 - Augusta 3
BOTTOM OF THE 8TH
Augusta Timber Hawks batting - Pitching for Rappahannock Partisans : RHP Gilberto Ibarra
Pitching: RHP Jim Unknown
Batting: SHB Lawrence Franklin 0-0: Ball
1-0: Swinging Strike
1-1: Called Strike
1-2: Foul Ball, location: 2F
1-2: Ball
2-2: SINGLE (Groundball, 6MD)
Batting: RHB Bob Dickerson 0-0: Called Strike
0-1: Ball
1-1: 2-RUN HOME RUN (Flyball, 78XD), Distance : 448 ft
Pitching: RHP Jim Unknown
Batting: RHB Eddy Baxter 0-0: Called Strike
0-1: Ball
1-1: Ball
2-1: Foul Ball, location: 2F
2-2: Foul Ball, location: 2F
2-2: Ball
3-2: SOLO HOME RUN (Flyball, 7D), Distance : 416 ft
Batting: RHB Rob Young 0-0: Called Strike
0-1: Swinging Strike
0-2: Strikes out looking
Batting: RHB Dave Bush 0-0: Called Strike
0-1: Ball
1-1: Called Strike
1-2: Fly out, F6 (Line Drive, 6)
Batting: SHB José Salazar 0-0: Ball
1-0: Swinging Strike
1-1: Reached on error, E4 (Groundball, 4M)
Batting: RHB Juan Banda 0-0: Ball
1-0: Ball
2-0: Swinging Strike
2-1: Ball
3-1: Fly out, F9 (Flyball, 89S)
Bottom of the 8th over - 3 run(s), 3 hit(s), 1 error(s), 1 left on base; Rappahannock 8 - Augusta 6
TOP OF THE 9TH
Rappahannock Partisans batting - Pitching for Augusta Timber Hawks : LHP Homer Shafer
Pitching: RHP Travis Hall
Batting: RHB Eduardo Manuel 0-0: Ball
1-0: Ball
2-0: Ball
3-0: Called Strike
3-1: SINGLE (Groundball, 4MD)
Batting: RHB José Mata 0-0: Called Strike
0-1: Foul Ball, location: 2F
0-2: Foul Ball, location: 2F
0-2: Ball
1-2: Ball
Wild Pitch!
Eduardo Manuel to second
2-2: Strikes out swinging
Batting: RHB Matt Sheppard 0-0: Ball
1-0: Swinging Strike
1-1: Fly out, F7 (Line Drive, 78D)
Batting: RHB Colby Turner 0-0: Ball
1-0: DOUBLE (Line Drive, 9LM)
Eduardo Manuel scores
Batting: LHB Marvin von Seydlitz 0-0: Ball
1-0: Ball
2-0: Called Strike
2-1: Ground out 6-3 (Groundball, 6M)
Top of the 9th over - 1 run(s), 2 hit(s), 0 error(s), 1 left on base; Rappahannock 9 - Augusta 6
BOTTOM OF THE 9TH
Augusta Timber Hawks batting - Pitching for Rappahannock Partisans : RHP Jim Unknown
Batting: LHB Jerry Burnett 0-0: Ball
1-0: Ground out 2-3 (Groundball, 25)
Batting: RHB Billy Strauss 0-0: Foul Ball, location: 2F
0-1: Ball
1-1: Ball
2-1: DOUBLE (Popup, 3D)
Batting: SHB Lawrence Franklin 0-0: Ball
1-0: Ball
2-0: Foul Ball, location: 2F
2-1: Fly out, F7 (Flyball, 7LM)
Batting: RHB Bob Dickerson 0-0: Swinging Strike
0-1: Ball
1-1: Swinging Strike
1-2: Ball
2-2: Strikes out looking
Bottom of the 9th over - 0 run(s), 1 hit(s), 0 error(s), 1 left on base; Rappahannock 9 - Augusta 6
This league is powered by Out of the Park Baseball, the baseball management simulation game for PC, Mac and Linux
Monday, May 4th, 2015 - OOTP Baseball 15.6 Build 34